 Dungeon Crawl Stone Soup version 0.17.0-28-g6e173f8 (webtiles) character file.

154704 Peloso the Peltast (level 17, -31/157 HPs)
             Began as a Minotaur Fighter on Nov 22, 2015.
             Was the Champion of Okawaru.
             Killed from afar by an Ice Fiend (49 damage)
             ... with a bolt of cold
             ... summoned by a deep elf demonologist
             ... on level 3 of the Elven Halls.
             The game lasted 02:24:10 (33335 turns).

Peloso the Peltast (Minotaur Fighter)              Turns: 33335, Time: 02:24:10

Health: -31/157    AC: 29    Str: 34    XL:     17   Next: 7%
Magic:  26/26      EV: 19    Int: 15    God:    Okawaru [******]
Gold:   1242       SH: 26    Dex: 23    Spells: 0 memorised, 16 levels left

rFire  . . .     SeeInvis .     P - +1 double sword (protect)
rCold  . . .     Clarity  .     N - +8 chain mail "Gyoschej" {rPois MR++ Slay+2}
rNeg   + + .     SustAt   .     m - +0 large shield {rN+}
rPois  +         Gourm    .     y - +0 hat
rElec  +         Spirit   .     S - +0 cloak of the Ban {rElec rCorr MP+9}
rCorr  +         Warding  .     d - +2 pair of fencer's gloves {LBl+4 SBl+4 EV+3 Dex+6}
rMut   .         Stasis   +     K - +0 pair of boots of Qaqez {-Tele +Fly rPois Int+6}
MR     +++..                    p - amulet of stasis
Stlth  ..........               l - ring "Xamocuor" {*Contam Str+5 Int+4}
                                w - ring of Sextuone {rN+ Str+4 Dex+4 Slay+2}

@: extremely resistant to hostile enchantments, extremely unstealthy
A: retaliatory headbutt, horns 2, deformed body
a: Heroism, Finesse, Renounce Religion, Evoke Flight


You were on level 3 of the Elven Halls.
You worshipped Okawaru.
Okawaru was exalted by your worship.
You were not hungry.

You visited 5 branches of the dungeon, and saw 31 of its levels.
You also visited: Sewer and Bailey.

You collected 3281 gold pieces.
You spent 2039 gold pieces at shops.

Inventory:

Hand Weapons
 P - a +1 double sword of protection (weapon)
 V - the +7 Singing Sword
   (Okawaru gifted it to you on level 2 of the Elven Halls)
 X - a +4 demon blade of flaming
Armour
 d - the +2 pair of fencer's gloves (worn) {LBl+4 SBl+4 EV+3 Dex+6}
   (You acquired it on level 1 of the Orcish Mines)

   It affects your evasion (+3).
   It affects your dexterity (+6).
 m - a +0 large shield of positive energy (worn)
 s - a +0 plate armour
 y - a +0 hat (worn)
 K - the +0 pair of boots of Qaqez (worn) {-Tele +Fly rPois Int+6}
   (You acquired it on level 1 of the Orcish Mines)

   It affects your intelligence (+6).
   It protects you from poison.
   It lets you fly.
   It prevents most forms of teleportation.
 L - a +2 cloak of invisibility
 N - the +8 chain mail "Gyoschej" (worn) {rPois MR++ Slay+2}
   (You found it on level 1 of the Elven Halls)

   It affects your accuracy and damage with ranged weapons and melee attacks
   (+2).
   It protects you from poison.
   It affects your resistance to hostile enchantments.
 S - the +0 cloak of the Ban (worn) {rElec rCorr MP+9}
   (You bought it in a shop on level 4 of the Orcish Mines)

   It insulates you from electricity.
   It affects your magic capacity (+9).
   It protects you from acid and corrosion.
Jewellery
 l - the ring "Xamocuor" (right hand) {*Contam Str+5 Int+4}
   (You found it on level 8 of the Dungeon)

   [ring of strength]

   It affects your strength (+5).
   It affects your intelligence (+4).
   It causes magical contamination when unequipped.
 o - an uncursed ring of protection from fire
 p - an amulet of stasis (around neck)
 w - the ring of Sextuone (left hand) {rN+ Str+4 Dex+4 Slay+2}
   (You found it on level 1 of the Lair of Beasts)

   [ring of slaying]

   It affects your strength (+4).
   It affects your dexterity (+4).
   It affects your accuracy and damage with ranged weapons and melee attacks
   (+2).
   It protects you from negative energy.
 E - the ring of the Mage {Wiz MR++ Int+3}
   (You found it on level 3 of the Elven Halls)

   [ring of wizardry]

   It improves your spell success rate.
   It affects your intelligence (+3).
   It affects your resistance to hostile enchantments.
 G - a cursed -5 ring of evasion {unknown}
 Y - an uncursed ring of invisibility {unknown}
Scrolls
 a - 2 scrolls of fog
 c - a scroll of enchant weapon
 g - a scroll of summoning
 h - a scroll of amnesia
 n - 2 scrolls of identify
 r - 4 scrolls of teleportation
 v - 6 scrolls of recharging
 A - 8 scrolls of remove curse
 C - 2 scrolls of magic mapping
 I - 2 scrolls of blinking
 U - 6 scrolls of enchant armour
Potions
 j - a potion of brilliance
 k - 10 potions of curing
 t - 2 potions of magic
 u - 7 potions of haste
 z - a potion of resistance
 D - 2 potions of invisibility
 J - 3 potions of might
 M - a potion of cure mutation
 Q - 3 potions of agility
 W - 2 potions of berserk rage
Books
 x - a book of Necromancy

   Spells                             Type                      Level
   a - Pain                           Necromancy                   1
   b - Animate Skeleton               Necromancy                   1
   c - Vampiric Draining              Necromancy                   3
   d - Regeneration                   Charms/Necromancy            3
   e - Animate Dead                   Necromancy                   4
   f - Control Undead                 Necromancy                   4
Comestibles
 b - 13 royal jellies
 e - 9 bread rations
 f - 13 meat rations
 i - 4 chunks of flesh
 q - 3 fruits
 B - 11 slices of pizza
 F - 4 beef jerkies


   Skills:
 + Level 15.7 Fighting
 + Level 19.1(23.1) Long Blades
   Level 1.2 Maces & Flails
 + Level 14.1 Armour
 + Level 8.2 Dodging
 + Level 2.7 Stealth
 + Level 19.7 Shields
 + Level 2.6 Invocations
 + Level 0.1 Evocations


You had 16 spell levels left.
You didn't know any spells.

Dungeon Overview and Level Annotations

Branches:
Dungeon (15/15)            Temple (1/1) D:4            Lair (8/8) D:9
  Swamp (0/4) Lair:5       Spider (0/4) Lair:6        Slime (0/6) Lair:8
    Orc (4/4) D:11            Elf (3/3) Orc:3        Vaults (0/5) D:13
 Depths (0/5) D:15

Altars:
Ashenzari
Cheibriados
Dithmenos
Elyvilon
Fedhas
Gozag
Kikubaaqudgha
Makhleb
Nemelex Xobeh
Okawaru
Qazlal
Ru
Sif Muna
Trog
Vehumet
Xom
Yredelemnul
Zin
The Shining One
Beogh

Shops:
Orc:1 ??   Orc:4 [*:(   Elf:1 [   Elf:2 [

Portals:
Trove: D:13 (give +3 gold dragon armour)


Innate Abilities, Weirdness & Mutations

You reflexively headbutt those who attack you in melee.
You have a pair of horns on your head.
Armour fits poorly on your strangely shaped body.


Message History

The arrow hits you!
* * * LOW HITPOINT WARNING * * *
The arrow freezes you.
* * * LOW HITPOINT WARNING * * *
The Ice Fiend calls on the powers of darkness!
The deep elf master archer convulses!
Your body is wracked with pain!
* * * LOW HITPOINT WARNING * * *
The deep elf demonologist convulses!
The deep elf annihilator convulses!
The deep elf annihilator mumbles some strange words.
The deep elf annihilator blinks!
The deep elf master archer shoots an arrow.
You block the arrow.
You see here an arrow.
Drink which item? (? for menu, Esc to quit)
You feel better.
The deep elf annihilator casts a spell.
The deep elf annihilator blinks!
The Ice Fiend gestures at you. The bolt of cold hits you!
You die...

****,,,*,e...#*
*,,,**#...#* **,*##...#*
**##...#* # #...#*
######### ##.## ##.....##)
#..## ##.......'#
##)#4##########.........#
#.ยง24ee1@............)...
######(#######...........
##.## #........... ##.#
#........... ##.#
#........... ##
##.........# ##.......##
##.....## ###'###


You could see an Ice Fiend, a hell beast, a deep elf master archer, a deep elf
demonologist and 2 orange demons.

Vanquished Creatures
  Saint Roka (Orc:4)
  Rupert (Orc:2)
  3 deep elf blademasters
  2 deep elf sorcerers (Elf:3)
  Maud (D:11)
  2 orc warlords
  Louise (Elf:3)
  2 deep elf demonologists (Elf:3)
  A deep elf annihilator (Elf:3)
  The ghost of Ohli the Peltast, a journeyman OpBe of Trog (D:13)
  Erolcha (D:11)
  A fire dragon (Lair:8)
  5 hydras
  Erica (D:8)
  A catoblepas (D:15)
  3 centaur warriors (D:13)
  15 dancing weapons (Elf:2)
  4 death yaks
  2 ogre magi (D:15)
  A tengu warrior (D:15)
  2 orc high priests
  Sonja (D:13)
  Nergalle (D:11)
  22 deep elf knights
  A skeletal warrior (D:13)
  A swamp dragon (Lair:5)
  3 unseen horrors
  10 deep elf summoners
  A wolf spider zombie (D:15)
  3 hill giants
  Pikel (D:9)
  10 orc sorcerers
  7 orc knights
  2 griffons (Lair:7)
  10 deep elf conjurers
  An oklob plant (Lair:5)
  An orb spider (Lair:6)
  3 slime creatures (D:12)
  4 ugly things
  2 hornets (shapeshifter)
  5 cyclopes
  A manticore (D:15)
  A naga mage (D:15)
  2 centaur zombies
  4 black mambas
  Psyche (D:9)
  7 elephants (Lair:7)
  3 yaktaurs (D:13)
  A kobold demonologist (D:13)
  A spiny frog (shapeshifter) (Elf:1)
  12 spiny frogs
  4 fire drakes
  9 komodo dragons
  16 deep elf priests
  8 trolls
  9 polar bears
  8 two-headed ogres
  A troll (shapeshifter) (Elf:1)
  A two-headed ogre (shapeshifter) (D:14)
  8 blink frogs
  3 raiju (Lair:8)
  2 shadows
  26 deep elf magi
  3 wraiths
  A centaur simulacrum (D:15)
  29 yaks
  A trapdoor spider (D:12)
  6 basilisks
  A hill giant zombie (D:11)
  3 steam dragons (Lair:8)
  33 deep elf fighters
  Grum (D:11)
  11 hippogriffs
  4 wyverns
  A human (D:7)
  8 vampire mosquitoes
  3 mottled dragons
  5 porcupines
  15 wargs
  A soldier ant (D:15)
  3 sky beasts
  16 wolves
  17 water moccasins
  3 hell hounds (Lair:8)
  A wasp (D:11)
  13 black bears
  53 orc warriors
  7 ice beasts
  4 boggarts (D:15)
  An eye of draining (D:13)
  9 phantoms
  18 ogres
  24 centaurs
  19 giant frogs
  10 big kobolds
  17 crocodiles
  4 scorpions
  A water moccasin skeleton (D:11)
  13 killer bees
  9 wights
  2 electric eels
  6 crimson imps
  20 hounds
  3 giant frog skeletons (D:13)
  4 giant frog zombies
  A quasit (D:9)
  8 jellies
  28 orc wizards
  3 worker ants
  27 orc priests
  13 iguanas
  5 centaur skeletons
  2 killer bee zombies
  21 sheep
  5 ogre zombies (D:11)
  A hound skeleton (D:9)
  53 river rats
  6 gnolls
  2 worker ant zombies
  3 shadow imps
  23 adders
  4 oozes
  An adder zombie (D:9)
  6 worms
  5 giant geckos
  214 orcs
  3 ball pythons
  5 bats
  3 giant cockroaches
  5 hobgoblins (D:3)
  19 jackals
  30 kobolds
  6 quokkas
  A giant gecko skeleton (D:7)
  9 giant newts
  12 goblins
  A goblin skeleton (D:11)
  3 goblin zombies (D:11)
  2 hobgoblin skeletons (D:11)
  3 hobgoblin zombies (D:11)
  5 orc skeletons (D:11)
  5 orc zombies (D:11)
  A quokka zombie (D:7)
  13 rats
  2 fungi
  A plant (Lair:3)
1231 creatures vanquished.

Vanquished Creatures (others)
  A deep elf priest (Elf:3)
  A deep elf mage (Elf:3)
  A deep elf fighter (Elf:1)
  2 orc warriors (D:8)
  A boggart (D:15)
  A centaur (D:9)
  A bush (Elf:3)
  4 fungi (Orc:4)
  23 plants
35 creatures vanquished.

Grand Total: 1266 creatures vanquished

Notes
Turn   | Place    | Note
--------------------------------------------------------------
     0 | D:1      | Peloso the Minotaur Fighter began the quest for the Orb.
     0 | D:1      | Reached XP level 1. HP: 19/19 MP: 0/0
   486 | D:1      | Reached XP level 2. HP: 25/27 MP: 1/1
   782 | D:2      | Reached skill level 4 in Shields
   948 | D:2      | Found a sacrificial altar of Ru.
  1042 | D:2      | You fall through a shaft for 2 floors!
  1075 | D:4      | Reached XP level 3. HP: 25/33 MP: 2/2
  1116 | D:4      | Found a staircase to the Ecumenical Temple.
  1185 | D:4      | Found a glowing drain.
  1202 | D:4      | HP: 1/33 [rat (3)]
  1494 | Sewer    | Entered a sewer
  1558 | Sewer    | Reached skill level 1 in Dodging
  1656 | Sewer    | Noticed a big kobold
  1667 | Sewer    | Reached XP level 4. HP: 31/40 MP: 3/3
  1681 | Sewer    | Killed a big kobold
  1681 | Sewer    | Reached XP level 5. HP: 31/46 MP: 4/4
  1802 | Sewer    | Noticed a big kobold
  1817 | Sewer    | Killed a big kobold
  1817 | Sewer    | Reached skill level 5 in Shields
  1964 | Sewer    | Noticed a big kobold
  1978 | Sewer    | Killed a big kobold
  1978 | Sewer    | Reached XP level 6. HP: 49/53 MP: 5/5
  2056 | Sewer    | Reached skill level 5 in Armour
  2116 | Sewer    | Noticed a big kobold
  2131 | Sewer    | Killed a big kobold
  2173 | Sewer    | Noticed a big kobold
  2182 | Sewer    | Killed a big kobold
  2285 | Sewer    | Noticed a big kobold
  2309 | Sewer    | Killed a big kobold
  2309 | Sewer    | Reached XP level 7. HP: 56/60 MP: 6/6
  2411 | Temple   | Entered the Ecumenical Temple
  2423 | Temple   | Became a worshipper of Warmaster Okawaru
  2508 | D:4      | Reached skill level 1 in Maces & Flails
  2511 | D:4      | Noticed an ogre
  2581 | D:3      | Reached skill level 6 in Shields
  3016 | D:3      | Reached skill level 5 in Long Blades
  3394 | D:4      | Reached skill level 5 in Fighting
  3812 | D:5      | Entered Level 5 of the Dungeon
  4152 | D:5      | Reached skill level 7 in Shields
  4152 | D:5      | Reached XP level 8. HP: 45/68 MP: 7/7
  4512 | D:6      | Reached * piety under Okawaru
  4806 | D:6      | Found a radiant altar of Vehumet.
  4869 | D:6      | Reached skill level 8 in Shields
  4942 | D:6      | Found a deep blue altar of Sif Muna.
  4943 | D:6      | Found a radiant altar of Vehumet.
  4944 | D:6      | Found a glowing golden altar of the Shining One.
  5088 | D:6      | Found a bloodstained altar of Trog.
  5188 | D:6      | Reached ** piety under Okawaru
  5491 | D:7      | Reached XP level 9. HP: 63/75 MP: 5/8
  5497 | D:7      | Reached skill level 9 in Shields
  5670 | D:7      | Found an ancient bone altar of Kikubaaqudgha.
  5964 | D:8      | Noticed Erica
  5973 | D:8      | Got a coiled tin ring
  5987 | D:8      | Killed Erica
  5987 | D:8      | Reached *** piety under Okawaru
  5987 | D:8      | Reached skill level 1 in Stealth
  5987 | D:8      | Reached skill level 10 in Shields
  5988 | D:8      | Reached skill level 5 in Dodging
  6000 | D:8      | Identified the ring "Xamocuor" {*Contam Str+5 Int+4} (You found it on level 8 of the Dungeon)
  6246 | D:8      | Found a shimmering altar of Xom.
  6316 | D:8      | Reached **** piety under Okawaru
  6344 | D:8      | Reached XP level 10. HP: 58/86 MP: 9/9
  6745 | D:8      | Found an opulent altar of Gozag.
  6906 | D:8      | Found a stormy altar of Qazlal.
  7215 | D:9      | Noticed Pikel
  7225 | D:9      | Killed Pikel
  7225 | D:9      | Reached skill level 11 in Shields
  7281 | D:9      | Found a staircase to the Lair.
  7334 | D:9      | Reached ***** piety under Okawaru
  7528 | D:9      | Noticed Psyche
  7534 | D:9      | Killed Psyche
  7722 | D:10     | Entered Level 10 of the Dungeon
  8093 | D:10     | You fall through a shaft!
  8197 | D:10     | Identified a scroll of acquirement
  8250 | D:10     | Killed an unseen horror
  8250 | D:10     | Reached skill level 12 in Shields
  8250 | D:10     | Reached XP level 11. HP: 77/95 MP: 10/10
  8516 | D:10     | Noticed a hill giant
  8524 | D:10     | Killed a hill giant
  8524 | D:10     | Reached skill level 10 in Long Blades
  8560 | D:10     | Received a gift from Okawaru
  8736 | D:11     | Reached skill level 10 in Armour
  8746 | D:11     | Noticed Maud
  8761 | D:11     | Killed Maud
  8803 | D:11     | Found a staircase to the Orcish Mines.
  8973 | D:11     | Noticed Erolcha
  8984 | D:11     | Killed Erolcha
  8990 | D:11     | Noticed Grum
  9020 | D:11     | Killed Grum
  9150 | D:11     | Noticed a hill giant
  9157 | D:11     | Killed a hill giant
  9157 | D:11     | Received a gift from Okawaru
  9157 | D:11     | Reached skill level 10 in Fighting
  9423 | D:11     | Noticed Nergalle
  9445 | D:11     | Noticed an orc knight
  9464 | D:11     | Killed Nergalle
  9476 | D:11     | Killed an orc knight
  9476 | D:11     | Reached skill level 13 in Shields
  9812 | D:11     | Noticed a hill giant
  9821 | D:11     | Killed a hill giant
  9893 | D:11     | Reached ****** piety under Okawaru
  9970 | D:11     | Received a gift from Okawaru
 10279 | D:11     | Reached XP level 12. HP: 106/106 MP: 11/11
 11824 | D:13     | Noticed Sonja
 11899 | D:12     | Received a gift from Okawaru
 12037 | D:13     | Killed Sonja
 12060 | D:13     | Reached skill level 14 in Shields
 12128 | D:13     | Noticed Ohli's ghost (journeyman OpBe)
 12425 | D:13     | Killed Ohli's ghost
 12425 | D:13     | Reached skill level 1 in Invocations
 12522 | D:13     | Noticed a centaur warrior
 12558 | D:13     | Killed a centaur warrior
 12803 | D:13     | Found a gate to the Vaults.
 12839 | D:13     | Reached XP level 13. HP: 116/116 MP: 5/13
 12868 | D:13     | Noticed a centaur warrior
 12877 | D:13     | Killed a centaur warrior
 13027 | D:13     | Got a twisted ring mail
 13038 | D:13     | Identified the +5 ring mail "Zad Ezeu" {rPois Str-5 Int+7} (You acquired it on level 13 of the Dungeon)
 13178 | D:13     | Found a portal to a secret trove of treasure.
 13335 | Orc:1    | Entered Level 1 of the Orcish Mines
 13521 | Orc:1    | Found Ukutir's Magic Scroll Shop.
 13542 | Orc:1    | Found a roughly hewn altar of Beogh.
 13689 | Orc:1    | Found Xutownooch's Magic Scroll Shoppe.
 14268 | Orc:3    | Found a staircase to the Elven Halls.
 14419 | Orc:3    | Found a flagged portal.
 14466 | Bailey   | Entered a bailey
 14783 | Bailey   | Received a gift from Okawaru
 14835 | Bailey   | Reached skill level 15 in Shields
 15472 | Orc:4    | Entered Level 4 of the Orcish Mines
 15594 | Orc:4    | Noticed Saint Roka
 16106 | Orc:4    | Killed Saint Roka
 16156 | Orc:4    | Received a gift from Okawaru
 16580 | Orc:4    | Noticed an orc warlord
 16601 | Orc:4    | Killed an orc warlord
 16778 | Orc:4    | Found Enuenewu's Antique Weapon Emporium.
 16872 | Orc:4    | Found Ceryih's Book Shop.
 16936 | Orc:4    | Received a gift from Okawaru
 16951 | Orc:4    | Found Wainotog's General Store.
 17217 | Orc:4    | Found Goecs's Antique Armour Shoppe.
 17242 | Orc:4    | Bought a distressingly furry cloak for 323 gold pieces
 17252 | Orc:4    | Identified the cursed +0 cloak of the Ban {rElec rCorr MP+9} (You bought it in a shop on level 4 of the Orcish Mines)
 17665 | Orc:2    | Reached XP level 14. HP: 107/127 MP: 14/14
 17889 | Orc:2    | Noticed Rupert
 18730 | Orc:2    | Killed Rupert
 18730 | Orc:2    | Reached skill level 15 in Long Blades
 18730 | Orc:2    | Reached skill level 16 in Shields
 18991 | Orc:1    | Received a gift from Okawaru
 19015 | Orc:1    | Bought 3 scrolls of acquirement for 1716 gold pieces
 19033 | Orc:1    | Got a pair of faintly glowing boots
 19044 | Orc:1    | Identified the +0 pair of boots of Qaqez {-Tele +Fly rPois Int+6} (You acquired it on level 1 of the Orcish Mines)
 19237 | Lair:1   | Entered Level 1 of the Lair of Beasts
 19309 | Lair:1   | Got a glittering lapis lazuli ring
 19311 | Lair:1   | Identified the ring of Sextuone {rN+ Str+4 Dex+4 Slay+2} (You found it on level 1 of the Lair of Beasts)
 22343 | Lair:5   | Received a gift from Okawaru
 22344 | Lair:5   | Got a pitted animal skin {god gift}
 22377 | Lair:5   | Identified the +1 animal skin of the Louse {rC++ Dex+3} (Okawaru gifted it to you on level 5 of the Lair of Beasts)
 22390 | Lair:5   | Found a staircase to the Swamp.
 22406 | Lair:5   | Found a glowing silver altar of Zin.
 23205 | Lair:6   | Found a hole to the Spider Nest.
 23952 | Lair:7   | Reached skill level 17 in Shields
 24476 | Lair:7   | Reached XP level 15. HP: 135/137 MP: 15/15
 24707 | Lair:8   | Entered Level 8 of the Lair of Beasts
 24790 | Lair:8   | Received a gift from Okawaru
 25310 | Lair:8   | Got a scorched war axe
 25401 | Lair:8   | Found a staircase to the Slime Pits.
 25782 | Lair:8   | Received a gift from Okawaru
 27430 | D:15     | Entered Level 15 of the Dungeon
 27532 | D:15     | Reached skill level 18 in Shields
 27995 | D:15     | Found a blossoming altar of Fedhas.
 28049 | D:15     | Found a staircase to the Depths.
 28314 | D:15     | Received a gift from Okawaru
 28668 | Elf:1    | Entered Level 1 of the Elven Halls
 28707 | Elf:1    | Found Wabitt's Armour Shop.
 29316 | Elf:1    | Got a fine chain mail
 29327 | Elf:1    | Identified the +8 chain mail "Gyoschej" {rPois MR++ Slay+2} (You found it on level 1 of the Elven Halls)
 29549 | Elf:1    | Reached XP level 16. HP: 140/147 MP: 16/16
 30156 | Elf:2    | Found Ixyr's Armour Shoppe.
 30223 | Elf:2    | Found a runed gate.
 30223 | Elf:2    | Found a runed gate.
 30226 | Elf:2    | Reached skill level 15 in Fighting
 30233 | Elf:2    | Found a runed gate.
 30646 | Elf:2    | Noticed a deep elf blademaster
 30661 | Elf:2    | Killed a deep elf blademaster
 30697 | Elf:2    | Reached skill level 19 in Shields
 31176 | Elf:2    | Received a gift from Okawaru
 31291 | Elf:2    | Found a deep blue altar of Sif Muna.
 31590 | Elf:3    | Entered Level 3 of the Elven Halls
 31590 | Elf:3    | Noticed Louise
 31607 | Elf:3    | Killed Louise
 31749 | Elf:3    | Noticed a Shadow Fiend
 31751 | Elf:3    | Noticed an Ice Fiend
 31759 | Elf:3    | Noticed a Shadow Fiend
 32377 | Elf:3    | Received a gift from Okawaru
 33227 | Elf:3    | Gained mutation: Armour fits poorly on your strangely shaped body. [a cacodemon]
 33287 | Elf:3    | Noticed a deep elf blademaster
 33288 | Elf:3    | Noticed a deep elf blademaster
 33312 | Elf:3    | Killed a deep elf blademaster
 33312 | Elf:3    | Reached XP level 17. HP: 120/157 MP: 17/17
 33314 | Elf:3    | Noticed a deep elf master archer
 33328 | Elf:3    | Killed a deep elf blademaster
 33331 | Elf:3    | HP: 3/157 [deep elf master archer/arrow (28)]
 33333 | Elf:3    | Noticed an Ice Fiend
 33335 | Elf:3    | Killed from afar by an Ice Fiend

Action                   |  1- 3 |  4- 6 |  7- 9 | 10-12 | 13-15 | 16-18 || total
-------------------------+-------+-------+-------+-------+-------+-------++-------
Melee: Long sword        |    89 |    26 |   259 |    48 |       |       ||   422
       Short sword       |    10 |       |       |       |       |       ||    10
       Whip              |       |    80 |       |       |       |       ||    80
       Scimitar          |       |       |   159 |   439 |       |       ||   598
       Double sword      |       |       |       |   309 |  1747 |   445 ||  2501
       Demon blade       |       |       |       |       |    36 |       ||    36
Invok: Heroism           |       |       |     1 |     5 |     5 |     3 ||    14
 Abil: Evoke Flight      |       |       |       |       |     1 |     2 ||     3
  Use: Scroll            |     2 |     1 |    12 |     7 |    23 |     1 ||    46
       Potion            |     1 |       |     1 |     1 |       |     7 ||    10
 Stab: Distracted        |       |       |     1 |       |     1 |       ||     2
  Eat: Chunk             |     2 |     3 |    13 |    22 |    54 |    11 ||   105
       Fruit             |       |       |     1 |       |     2 |       ||     3
       Beef jerky        |       |       |       |       |       |     1 ||     1
